 Dungeon Crawl Stone Soup version 0.28.0-45-g0d030f2227 (webtiles) character file.

Game seed: 5045102543711995276

531 CryoSword the Shield-Bearer (level 7, -1/55 HPs)
             Began as a Formicid Fighter on Apr 13, 2022.
             Was an Initiate of Gozag.
             Slain by an iguana (7 damage)
             ... on level 5 of the Dungeon.
             The game lasted 00:04:13 (4974 turns).

CryoSword the Shield-Bearer (Formicid Fighter)      Turns: 4974, Time: 00:04:14

Health: -1/55      AC:  8    Str: 23    XL:     7   Next: 48%
Magic:  7/7        EV: 10    Int:  7    God:    Gozag
Gold:   332        SH:  5    Dex: 10    Spells: 6/6 levels left

rFire   . . .      SeeInvis +   a - +0 quarterstaff
rCold   . . .      Faith    .   c - +0 buckler
rNeg    . . .      Spirit   .   b - +0 scale mail
rPois   .          Reflect  .   (helmet unavailable)
rElec   .          Harm     .   (no cloak)
rCorr   .          Rampage  .   (no gloves)
Will    .....                   l - +0 pair of boots
Stlth   ..........              (no amulet)
HPRegen 0.18/turn               (no ring)
MPRegen 0.10/turn               (no ring)

@: no status effects
A: permanent stasis, dig shafts and tunnels, antennae 3, four strong arms
a: Dig, Shaft Self, Renounce Religion, Potion Petition, Call Merchant, Bribe
Branch


You were on level 5 of the Dungeon.
You worshipped Gozag.
Gozag was aware of your devotion.
You visited 1 branch of the dungeon, and saw 5 of its levels.

You collected 370 gold pieces.
You paid 38 gold pieces to Gozag.

Inventory:

Hand Weapons
 a - a +0 quarterstaff (weapon)
Missiles
 j - 3 curare-tipped darts
 k - 5 atropa-tipped darts
 m - 2 boomerangs
Armour
 b - a +0 scale mail (worn)
 c - a +0 buckler (worn)
 l - a +0 pair of boots (worn)
   (You found it on level 3 of the Dungeon)
Jewellery
 h - a ring of poison resistance
   (You found it on level 2 of the Dungeon)
Scrolls
 e - 3 scrolls of identify {@r1}
Potions
 d - a potion of might
 f - 3 potions of curing {@q1}
 g - 2 potions of brilliance {unknown}
 i - a potion of mutation {unknown}


   Skills:
 + Level 4.6 Fighting
 * Level 4.8 Staves
 + Level 4.6 Armour
 + Level 2.2 Dodging
 + Level 5.1 Shields


You had 6 spell levels left.
You didn't know any spells.
Your spell library contained the following spells:

 Spells                   Type           Power      Damage    Failure   Level
 Freeze                   Ice            0%         1d3       80%         1
 Frozen Ramparts          Ice            0%         1d2       99%         3
 Hailstorm                Conj/Ice       0%         3d3       100%        4


Dungeon Overview and Level Annotations

Branches:
Dungeon (5/15)
 Temple: D:4-7

Altars:
Elyvilon
Gozag
The Shining One

Annotations:
D:3 3 runed translucent doors, Omnilove's ghost, weakling SpEn
D:5 Menkaure


Innate Abilities, Weirdness & Mutations

You cannot be hasted, slowed, berserked, paralysed or teleported.
You can dig through walls and to a lower floor.
You have a pair of large antennae on your head. (SInv)
Your four strong arms can wield two-handed weapons with a shield.


Message History

Found a ring mail.
You see here a +0 ring mail.
j - 3 curare-tipped darts Key pressed, stopping explore.
e - 3 scrolls of identify {@r1} (gained 1) Key pressed, stopping explore.
You now have 306 gold pieces (gained 11).
Key pressed, stopping explore.
Could not explore, unopened door.
Could not explore, unopened door.
Could not explore, unopened door.
Could not explore, unopened door.
You open the door.
There is an open door here.
Done exploring.
Done exploring.
Done exploring.
Done exploring.
There is a stone staircase leading down here.
You climb downwards.
The adder hisses angrily.
The ogre shouts!
You hear an angry hiss.
There is a stone staircase leading up here.
The ogre hits you but does no damage.
You climb upwards.
There is a stone staircase leading down here.
You closely miss the ogre. You hit the ogre. The ogre closely misses you.
You hit the ogre but do no damage. The ogre closely misses you.
You hit the ogre but do no damage. The ogre hits you with a +0 giant club!
You hit the ogre.
The ogre hits you with a +0 giant club!!
Ouch! That really hurt!
* * * LOW HITPOINT WARNING * * *
Things that are here:
a +0 dagger; a +0 robe; a +0 dagger
There is a stone staircase leading up here.
Things that are here:
a +0 dagger; a +0 robe; a +0 dagger
There is a stone staircase leading up here.
You climb upwards.
Level annotation: 3 runed translucent doors, Omnilove's ghost, weakling SpEn
There is a stone staircase leading down here.
There is a stone staircase leading down here.
You start resting.
You climb downwards.
There is a stone staircase leading up here.
There is a stone staircase leading down here.
You climb downwards.
There is a stone staircase leading up here.
Found a stone staircase leading up.
A necrophage comes into view.
Found 5 atropa-tipped darts.
A necrophage is nearby!
A necrophage is nearby!
You hit the necrophage. The necrophage hits you.
You closely miss the necrophage. The necrophage closely misses you.
The necrophage hits you.
You hit the necrophage.
The necrophage hits you but does no damage.
You completely miss the necrophage.
The necrophage hits you but does no damage.
You sock the necrophage! The necrophage closely misses you.
You hit the necrophage. You block the necrophage's attack.
You hit the necrophage. The necrophage barely misses you.
You sock the necrophage!
You destroy the necrophage!
Your Dodging skill increases to level 2!
You have reached level 7!
You now have 312 gold pieces (gained 6).
Found a leather armour.
k - 5 atropa-tipped darts
Found a stone staircase leading down.
An adder is nearby!
An adder is nearby!
An adder is nearby!
You miss the adder. The adder closely misses you.
You hit the adder. The adder closely misses you.
The adder bites you but does no damage.
You closely miss the adder. You block the adder's attack.
You hit the adder.
You kill the adder!
You see here 7 gold pieces.
The bullfrog zombie hits you but does no damage.
The bullfrog zombie hits you.
You thump the bullfrog zombie! The bullfrog zombie barely misses you.
You barely miss the bullfrog zombie.
The bullfrog zombie hits you but does no damage.
You barely miss the bullfrog zombie. The bullfrog zombie hits you.
The bullfrog zombie barely misses you.
You sock the bullfrog zombie!
The bullfrog zombie hits you but does no damage.
You hit the bullfrog zombie. The bullfrog zombie barely misses you.
The bullfrog zombie hits you but does no damage.
A bullfrog zombie is nearby!
A bullfrog zombie is nearby!
You hit the bullfrog zombie. The bullfrog zombie barely misses you.
You barely miss the bullfrog zombie.
The bullfrog zombie closely misses you. x2
You hit the bullfrog zombie. You block the bullfrog zombie's attack.
You hit the bullfrog zombie.
You destroy the bullfrog zombie!
Your Shields skill increases to level 5!
No target in view!
No target in view!
You now have 317 gold pieces (gained 5).
You now have 324 gold pieces (gained 7).
You now have 332 gold pieces (gained 8).
Found a helmet.
Found a stone staircase leading down.
An adder comes into view.
The adder hisses angrily.
An adder is nearby!
An adder is nearby!
An adder is nearby!
An iguana and a scorpion come into view.
The iguana hisses angrily.
You thump the adder! The adder bites you. The adder barely misses you.
You sock the adder!
You kill the adder!
Menkaure, Prince of Dust comes into view.
You hit the scorpion but do no damage. The scorpion barely misses you.
You block the scorpion's attack.
You closely miss the scorpion. The scorpion closely misses you.
The iguana hisses menacingly.
You sock the scorpion! The scorpion stings you. x2
You sock the scorpion! The scorpion stings you!
You are poisoned.
The scorpion poisons you!
You hit the scorpion.
You kill the scorpion!
You feel very sick.
You hit the iguana.
You feel sick. The iguana bites you!
You hit the iguana but do no damage.
You feel sick. The iguana bites you.
* * * LOW HITPOINT WARNING * * *
You hit the iguana.
You feel sick.
The iguana bites you but does no damage.
You completely miss the iguana.
You feel sick. The iguana bites you.
* * * LOW HITPOINT WARNING * * *
You hit the iguana but do no damage.
You feel sick.
The iguana bites you but does no damage.
The iguana closely misses you.
You barely miss the iguana.
You feel sick.
You are no longer poisoned.
The iguana bites you.
* * * LOW HITPOINT WARNING * * *
You completely miss the iguana. You block the iguana's attack.
You barely miss the iguana. The iguana bites you!
* * * LOW HITPOINT WARNING * * *
You barely miss the iguana. The iguana bites you!
You die...
Your body crumbles into a pile of gold.

#.##Z#..#.##..........
#....S..#.##..#####.##
#..<...#.....#
#####..#...#...#
#...#...#####..
#####...#..........
...........########
........##l#
.........#@#
########.#.#
####...### #........#
#........# #........#
#........# #........#
.... #######..#


You could see an iguana.

Vanquished Creatures
  A necrophage (D:5)
  2 scorpions
  A bullfrog zombie (D:5)
  A bullfrog skeleton (D:3)
  2 orc priests (D:3)
  2 orc wizards
  A hound skeleton (D:3)
  Robin (D:3)
  4 adders
  2 worms
  A dart slug (D:3)
  11 orcs (D:3)
  3 bats
  5 endoplasms
  3 giant cockroaches
  14 goblins
  5 hobgoblins
  4 quokkas
  4 ball pythons
  2 frilled lizards
  3 kobolds
  9 rats
81 creatures vanquished.

Vanquished Creatures (collateral kills)
  A ball python (D:3)
1 creature vanquished.

Vanquished Creatures (others)
  A goblin (D:3)
  2 fungi (D:3)
  2 plants (D:3)
5 creatures vanquished.

Grand Total: 87 creatures vanquished

Notes
Turn   | Place    | Note
-------+----------+-------------------------------------------
     0 | D:1      | CryoSword the Formicid Fighter began the quest for the Orb.
     0 | D:1      | Reached XP level 1. HP: 18/18 MP: 1/1
   147 | D:1      | Reached XP level 2. HP: 24/24 MP: 2/2
   825 | D:2      | Reached XP level 3. HP: 29/29 MP: 3/3
   828 | D:2      | Found a white marble altar of Elyvilon.
  1423 | D:3      | Reached skill level 4 in Shields
  1653 | D:3      | Noticed Robin
  1658 | D:3      | Reached XP level 4. HP: 28/37 MP: 4/4
  1977 | D:3      | Killed Robin
  2020 | D:3      | Reached XP level 5. HP: 20/42 MP: 5/5
  2196 | D:3      | Reached skill level 1 in Dodging
  2299 | D:3      | Found an opulent altar of Gozag.
  2331 | D:3      | Became a worshipper of Gozag Ym Sagoz the Greedy
  2746 | D:3      | Found a runed translucent gate.
  2746 | D:3      | Noticed a kobold brigand
  2840 | D:3      | Found a runed translucent gate.
  2840 | D:3      | Found a runed translucent gate.
  2841 | D:3      | Noticed Omnilove's ghost (weakling SpEn)
  2934 | D:3      | Reached XP level 6. HP: 17/48 MP: 6/6
  3927 | D:4      | Found a glowing golden altar of the Shining One.
  4552 | D:5      | Entered Level 5 of the Dungeon
  4552 | D:5      | Noticed an ogre
  4799 | D:5      | Noticed a necrophage
  4807 | D:5      | Killed a necrophage
  4808 | D:5      | Reached XP level 7. HP: 45/55 MP: 7/7
  4909 | D:5      | Reached skill level 5 in Shields
  4948 | D:5      | Noticed Menkaure
  4974 | D:5      | Slain by an iguana

Illustrated notes

Levels and vault maps discovered:
D:1:      matt_arrival_grand_opening, layout_rooms, serial_corexii_hall,
          chequers_hall_statues_corner_a, corexii_hall_statues_u
D:2:      layout_loops_cross, basic_altar, st_stairs_6
D:3:      layout_loops_ring, grunt_gozag_statues, gammafunk_ghost_nasty_kobolds,
          nicolae_concentric_dashed_squares_mild, hangedman_feature_mirror,
          minmay_ruptured, uniq_crazy_yiuf_cottage, uniq_robin
D:4:      layout_cave_pods, tso_metal_star, st_stairs_3
D:5:      layout_basic, mrwooster_statue_mirror,
          amcnicky_altar_lugonu_corruption, uniq_menkaure

Skill      XL: |  1  2  3  4  5  6  7 |
---------------+----------------------+-----
Shields        | 4 5 |  5.1
Staves         | 3 4 |  4.8
Dodging        | 1 2 |  2.2
Fighting       | 4 |  4.6
Armour         | 4 |  4.6

Action                   |  1- 3 |  4- 6 |  7- 9 || total
-------------------------+-------+-------+-------++-------
Melee: Quarterstaff      |   100 |   152 |    29 ||   281
  Use: Scroll            |     1 |     5 |       ||     6
Armor: Scale mail        |    43 |    68 |     7 ||   118
Dodge: Dodged            |    35 |    82 |    12 ||   129
Block: Buckler           |    15 |    39 |     4 ||    58
